 Dungeon Crawl Stone Soup version 0.17.0-23-g0de4337 (webtiles) character file.

119 Fv001 the Shield-Bearer (level 4, -2/42 HPs)
             Began as a Deep Dwarf Fighter on Nov 14, 2015.
             Slain by a gnoll
             ... wielding a +0 halberd
              (12 damage)
             ... on level 3 of the Dungeon.
             The game lasted 00:09:56 (1845 turns).

Fv001 the Shield-Bearer (Deep Dwarf Fighter)        Turns: 1845, Time: 00:09:56

Health: -2/42      AC:  9    Str: 21    XL:     4   Next: 74%
Magic:  5/5        EV:  6    Int: 10    God:
Gold:   104        SH:  9    Dex: 12    Spells: 0 memorised, 4 levels left

rFire  . . .     SeeInvis .     a - +0 flail
rCold  . . .     Clarity  .     h - +0 chain mail
rNeg   . . .     SustAt   .     c - +0 shield
rPois  .         Gourm    .     (no helmet)
rElec  .         Spirit   .     (no cloak)
rCorr  .         Warding  .     (no gloves)
rMut   .         Stasis   .     (no boots)
MR     .....                    (no amulet)
Stlth  ..........               (no ring)
                                r - +2 ring of intelligence

@: non-regenerating, not resistant to hostile enchantments, extremely unstealthy
A: damage resistance, recharge devices, sense surroundings 1, slow regeneration
3
a: Device Recharging


You were on level 3 of the Dungeon.
You were not hungry.

You visited 1 branch of the dungeon, and saw 3 of its levels.

You collected 104 gold pieces.

Inventory:

Hand Weapons
 a - a +0 flail (weapon)
Armour
 c - a +0 shield (worn)
 h - a +0 chain mail (worn)
Jewellery
 r - a +2 ring of intelligence (left hand)
Wands
 e - a wand of heal wounds (4)
Scrolls
 b - a scroll of identify {unknown}
 k - 2 scrolls of recharging {unknown}
 q - a scroll of fog {unknown}
 s - 2 scrolls of amnesia {unknown}
 u - a scroll of magic mapping {unknown}
Potions
 d - a potion of might
 g - 2 potions of curing {unknown}
 j - 6 potions of heal wounds {unknown}
 n - a potion of brilliance {unknown}
 o - a potion of degeneration {unknown}
 p - a potion of cancellation {unknown}
 t - 2 potions of flight {unknown}
Comestibles
 f - 3 bread rations
 i - 7 chunks of flesh
 l - 3 meat rations
 m - a beef jerky


   Skills:
 + Level 3.0 Fighting
 + Level 2.6 Maces & Flails
 + Level 1.0 Throwing
 * Level 3.7 Armour
 + Level 1.5 Dodging
 * Level 4.0 Shields
 + Level 0.7 Spellcasting
 + Level 1.5 Evocations


You had 4 spell levels left.
You didn't know any spells.

Dungeon Overview and Level Annotations

Branches:
Dungeon (3/15)

Altars:
Dithmenos
Qazlal
Yredelemnul
Zin


Innate Abilities, Weirdness & Mutations

You are resistant to damage.
You can recharge devices by infusing magical energy.
You passively map a small area around you.
You do not regenerate naturally.


Message History

Okay, then.
You sock the ooze!
The ooze is severely wounded.
The ooze barely misses you.
You hit the ooze.
You kill the ooze!
The gnoll hits you from afar with a halberd!
The gnoll closely misses you.
You see here a bat skeleton.
You hit the gnoll.
The gnoll is lightly wounded.
You block the gnoll's attack.
You barely miss the gnoll.
The gnoll is lightly wounded.
You block the gnoll's attack. The gnoll hits you with a halberd!
* * * LOW HITPOINT WARNING * * *
Your shield and chain mail prevent you from hitting the gnoll.
The gnoll is lightly wounded.
The gnoll hits you with a halberd!
You die...

#.######+## #.#
#.# * ,.>. * #.# *
* #.# * #.# #.. *
#.# ### , #g# ####
* #a# #... , #g#
#.#. #@# ###.##
#.# #....§
#.###########.....
#.............._..
#############.....
* #§.... , ,,
###.## * , #..÷.#
, #....#


You could see a worker ant and 2 gnolls.

Vanquished Creatures
  A worker ant (D:3)
  2 adders
  2 gnolls
  An ooze (D:3)
  A worm (D:2)
  A giant gecko (D:2)
  An orc (D:3)
  4 giant cockroaches
  5 goblins
  6 hobgoblins
  5 jackals
  8 kobolds
  7 bats
  4 giant newts
  4 rats
52 creatures vanquished.

Notes
Turn   | Place    | Note
--------------------------------------------------------------
     0 | D:1      | Fv001 the Deep Dwarf Fighter began the quest for the Orb.
     0 | D:1      | Reached XP level 1. HP: 20/20 MP: 1/1
   115 | D:1      | Reached XP level 2. HP: 27/27 MP: 2/2
   376 | D:1      | Reached skill level 1 in Dodging
   589 | D:1      | Reached XP level 3. HP: 18/33 MP: 3/3
   940 | D:2      | Reached skill level 1 in Evocations
  1146 | D:2      | Found a shadowy altar of Dithmenos.
  1495 | D:3      | Reached XP level 4. HP: 12/40 MP: 4/4
  1530 | D:3      | Found a basalt altar of Yredelemnul.
  1530 | D:3      | Found a glowing silver altar of Zin.
  1594 | D:3      | HP: 1/40 [worker ant (5)]
  1730 | D:3      | Found a stormy altar of Qazlal.
  1746 | D:3      | Reached skill level 4 in Shields
  1789 | D:3      | Reached skill level 1 in Throwing
  1845 | D:3      | Slain by a gnoll

Action                   |  1- 3 |  4- 6 || total
-------------------------+-------+-------++-------
Melee: Flail             |   175 |    59 ||   234
Evoke: Wand              |       |     1 ||     1
  Eat: Chunk             |     2 |     2 ||     4
